[Event "*** Titled Tuesday Blitz"]
[Site "Chess.com"]
[Date "2019.10.01"]
[Round "3"]
[White "raviteja81293"]
[Black "KL31"]
[Result "0-1"]
[WhiteElo "2597"]
[BlackElo "2420"]
[TimeControl "180+2"]
[EndTime "13:36:39 PDT"]
[Termination "KL31 won by resignation"]

1. d4 Nf6 2. Nf3 e6 3. Bf4 d5 4. e3 Bd6 5. Bxd6 Qxd6 6. c4 O-O 7. Nc3 c5 8. dxc5 Qxc5 9. cxd5 exd5 10. Qd4 Qxd4 11.
Nxd4 Nc6 12. Rd1 Bg4 13. Be2 Bxe2 14. Kxe2 Rac8 15. Nf5 Rfd8 16. f3 g6 17. Nd4 a6 18.
Kf2 Ne5 19. Rhe1 Nc4 20. Re2 b5 21. Nb1 b4 22. g4 h6 23. h4 Nb6 24. Nd2 a5 25.
N2b3 a4 26. Na5 Rd6 27. Rc2 Ra8 28. Nac6 b3 29. axb3 axb3 30. Nxb3 Nc4 31. Nbd4 Re8 32. Rd3 Nd7 33. b3 Nce5 34. Nxe5 Nxe5 35. Rdc3 Rb6 36. Rc8 Rxc8 37. Rxc8+ Kg7 38. Rc5 Nd3+ 39. Ke2 Nxc5 40. f4 Nxb3 41. Nf3 Nc5 42. Ne5 Ne4 43. Nd3 Rb3 44.
Nc1 Rb2+ 0-1

[Event "*** Titled Tuesday Blitz"]
[Site "Chess.com"]
[Date "2019.10.01"]
[Round "3"]
[White "DrRiebert"]
[Black "eldur16"]
[Result "0-1"]
[WhiteElo "2425"]
[BlackElo "2631"]
[TimeControl "180+2"]
[EndTime "13:36:48 PDT"]
[Termination "eldur16 won on time"]

1. e4 g6 2. d4 Bg7 3. Nc3 d6 4. Be3 a6 5. h3 b5 6. g4 Bb7 7. Bg2 h5 8. Nge2 Nf6 9. g5 Nfd7 10. h4 c5 11. Qd2 Nc6 12. O-O-O cxd4 13. Nxd4 O-O 14.
f4 Rc8 15. Nce2 Qc7 16. Kb1 Nc5 17. Ng3 Na4 18. Rc1 Na5 19. Bf1 e5 20. Ndf5 gxf5 21. exf5 exf4 22. f6 fxe3 23. Qd3 Nc4 24. fxg7 Rfe8 25.
Nxh5 Re6 0-1

[Event "*** Titled Tuesday Blitz"]
[Site "Chess.com"]
[Date "2019.10.01"]
[Round "3"]
[White "kasparicy"]
[Black "Gr3egor"]
[Result "0-1"]
[WhiteElo "2402"]
[BlackElo "2611"]
[TimeControl "180+2"]
[EndTime "13:36:54 PDT"]
[Termination "Gr3egor won by resignation"]

1. e4 e5 2. Nf3 Nc6 3. Bc4 Bc5 4.
O-O Nf6 5. d4 Bxd4 6. Nxd4 Nxd4 7.
f4 d6 8. fxe5 dxe5 9. Bg5 Qe7 10. Na3 c6 11. Kh1 Ne6 12. Bxf6 gxf6 13. Bb3 Nc5 14.
Qf3 Be6 15. Bxe6 fxe6 16. Qxf6 Qxf6 17. Rxf6 O-O-O 18. Nc4 Rd4 19. Nxe5 Rhd8 20. Rf4 Rd2 21. b4 Nd7 22. Nf7 Rg8 23. g3 Rxc2 24. Rd1 Kc7 25. Ng5 Ne5 26. Nxe6+ Kc8 27. a3 Ra2 28. Rh4 Re8 29.
Ng7 Rh8 30. Rh5 Ng4 31. Kg1 Rxa3 32. Re1 Re3 33. Rxe3 Nxe3 34. Nf5 Nc4 35. e5 Kd7 36. Nd4 Ne3 37. e6+ Kd6 38. Kf2 Nd5 39. Rh6 Ke5 40.
Nf3+ Kf5 41. h4 Nf6 42. Nd4+ Ke5 43. e7 Ng4+ 0-1

[Event "*** Titled Tuesday Blitz"]
[Site "Chess.com"]
[Date "2019.10.01"]
[Round "3"]
[White "MoonlighT89"]
[Black "RU_B9"]
[Result "1-0"]
[WhiteElo "2510"]
[BlackElo "1751"]
[TimeControl "180+2"]
[EndTime "13:36:55 PDT"]
[Termination "MoonlighT89 won by resignation"]

1. e4 c5 2. Nf3 g6 3. d4 cxd4 4. Qxd4 Nf6 5. Nc3 Nc6 6. Qa4 d6 7. e5 dxe5 8. Nxe5 Bd7 9. Nxd7 Nxd7 10. Be2 Bg7 11. Be3 O-O 12. Rd1 Qc8 13. O-O Re8 14. Qh4 e5 15. Nd5 f5 16. c3 f4 17. Bc1 Qd8 18.
Qh3 Qc8 19. Bg4 Ncb8 20. Rfe1 h5 21. Be6+ Kf8 22. b3 Bh6 23. Rxe5 Qc6 24. Ree1 Nb6 25. c4 Nxd5 26. Bxd5 Rxe1+ 27. Rxe1 Qd7 28. Ba3+ Kg7 29. Qc3+ Kh7 30. Re7+ 1-0

[Event "*** Titled Tuesday Blitz"]
[Site "Chess.com"]
[Date "2019.10.01"]
[Round "3"]
[White "valeriocarnicelli"]
[Black "pedroholly22"]
[Result "1/2-1/2"]
[WhiteElo "2490"]
[BlackElo "2315"]
[TimeControl "180+2"]
[EndTime "13:36:55 PDT"]
[Termination "Game drawn by repetition"]

1. e4 e6 2. d4 d5 3. Nc3 Nf6 4. e5 Nfd7 5. f4 c5 6. Nf3 Nc6 7. Be3 Be7 8. Qd2 a6 9. Nd1 cxd4 10. Nxd4 Nxd4 11. Bxd4 Nb8 12. Ne3 Nc6 13. c3 Bd7 14. f5 Rc8 15. Bd3 Nxd4 16. cxd4 Qb6 17. Nc2 Rxc2 18.
Qxc2 Qxd4 19. O-O-O Qxe5 20. fxe6 Bxe6 21. Kb1 g6 22. Rhe1 Qd6 23. Qa4+ Bd7 24. Qh4 Be6 25. Qh6 Bf6 26. Rc1 Kd7 27. Qd2 h6 28. Qf2 Bg7 29. a3 Qxh2 30. Qb6 Qb8 31. Bxg6 Rc8 32. Rxc8 Qxc8 33. Rc1 Qb8 34. Bc2 Ke7 35. Bd3 Be5 36. Qb4+ Bd6 37. Qh4+ Kd7 38. Qxh6 Bf4 39. Qg7 Bxc1 40. Kxc1 Qf4+ 41. Kb1 Qd2 42. Qd4 Qa5 43.
Ka2 Qc7 44. Kb1 Ke7 45. Qh4+ Kd7 46. Qd4 Qd6 47. Qa7 Qc7 48. Qd4 1/2-1/2

[Event "*** Titled Tuesday Blitz"]
[Site "Chess.com"]
[Date "2019.10.01"]
[Round "3"]
[White "chessdjw"]
[Black "hypert"]
[Result "1-0"]
[WhiteElo "2636"]
[BlackElo "2426"]
[TimeControl "180+2"]
[EndTime "13:36:57 PDT"]
[Termination "chessdjw won by resignation"]

1. c4 e5 2. Nc3 Nf6 3. Nf3 Nc6 4.
g3 d5 5. cxd5 Nxd5 6. Bg2 Nb6 7.
O-O Be7 8. d3 O-O 9. Be3 Re8 10.
Rc1 Bf8 11. Bg5 Be7 12. Bxe7 Qxe7 13. Nd2 Nd4 14. e3 Nf5 15. Qc2 c6 16. Nce4 Nd6 17.
Nc5 Nd7 18. b4 a5 19. a3 axb4 20. axb4 Nf6 21. Nc4 Nxc4 22. Qxc4 Rb8 23. b5 b6 24. Na6 cxb5 25. Qxb5 Bxa6 26. Qxa6 Qd6 27. Rc6 Qb4 28. Rfc1 Red8 29. Rc7 Nd5 30. Ra7 Nc3 31.
Bf3 Qb5 32. Rxc3 Qxa6 33. Rxa6 b5 34. Rb3 b4 35. Ra4 Rbc8 36. Raxb4 Rc1+ 37. Kg2 Rcc8 38. Rb7 Rf8 39. Bd5 Rcd8 40. e4 g6 41. Ra7 Kh8 42. Rxf7 1-0

[Event "*** Titled Tuesday Blitz"]
[Site "Chess.com"]
[Date "2019.10.01"]
[Round "3"]
[White "Jumbo"]
[Black "kreonx"]
[Result "1-0"]
[WhiteElo "2792"]
[BlackElo "2211"]
[TimeControl "180+2"]
[EndTime "13:37:02 PDT"]
[Termination "Jumbo won by resignation"]

1. d4 f5 2. c4 Nf6 3. g3 g6 4. Bg2 Bg7 5. Nh3 d6 6. d5 O-O 7. O-O Na6 8. Nc3 Nc5 9. Be3 Nfe4 10. Nxe4 Nxe4 11. Bd4 Bxd4 12. Qxd4 Nf6 13. c5 Bd7 14. Rac1 b6 15. cxd6 cxd6 16. Rc3 Rc8 17. Nf4 Qe8 18.
Rfc1 Qf7 19. h4 Ng4 20. Ne6 Rxc3 21. Rxc3 Rc8 22. Ng5 Qe8 23. e4 Rxc3 24. bxc3 Qc8 25. f3 Ne5 26. f4 Nf7 27. e5 Nxg5 28. hxg5 Qc5 29. Qxc5 bxc5 30. Bf1 Kf8 31. Ba6 Ke8 32. Kf2 Kd8 33. Ke3 Kc7 34. Bd3 Kb6 35. e6 Bb5 1-0

[Event "*** Titled Tuesday Blitz"]
[Site "Chess.com"]
[Date "2019.10.01"]
[Round "3"]
[White "WPWPWP-2015"]
[Black "ChessLover0108"]
[Result "0-1"]
[WhiteElo "2471"]
[BlackElo "2728"]
[TimeControl "180+2"]
[EndTime "13:37:02 PDT"]
[Termination "ChessLover0108 won by resignation"]

1. e4 Nf6 2. Nc3 d5 3. e5 d4 4. exf6 dxc3 5. bxc3 exf6 6. d4 Bd6 7. Nf3 O-O 8. Be3 c5 9. Bd3 Nc6 10. h3 Re8 11. O-O b6 12. Bb5 Bd7 13. Rb1 Qc7 14. Re1 Rad8 15. a4 Na5 16. Nd2 Bxb5 17. axb5 cxd4 18. cxd4 Rc8 19. c4 Nxc4 20. Nxc4 Qxc4 21. Qf3 h6 22. g3 Qd3 23. Red1 Qg6 24. Rbc1 Rxc1 25.
Rxc1 Qd3 26. Qc6 Rxe3 27. Qxd6 Re2 28. Qf4 Qxb5 29. Kg2 Qd5+ 30. Qf3 Re4 31. Re1 f5 32. Rd1 g6 33. h4 h5 34. Kh2 Rxh4+ 35. Kg2 Rh2+ 36.
Kxh2 Qxf3 0-1

[Event "*** Titled Tuesday Blitz"]
[Site "Chess.com"]
[Date "2019.10.01"]
[Round "3"]
[White "chessS1r"]
[Black "12teen"]
[Result "1-0"]
[WhiteElo "2480"]
[BlackElo "2708"]
[TimeControl "180+2"]
[EndTime "13:37:04 PDT"]
[Termination "chessS1r won by checkmate"]

1. d4 a6 2. e4 b5 3. Nf3 Bb7 4. Bd3 e6 5. Qe2 Nf6 6. c3 d5 7. e5 Nfd7 8. Nbd2 c5 9. a3 Nc6 10.
Nf1 Qc7 11. Bf4 Nb6 12. Ne3 Nc4 13. O-O Be7 14. b3 Nxa3 15. dxc5 Bxc5 16. Nxd5 exd5 17.
b4 Bxb4 18. cxb4 Nc4 19. Ng5 h6 20. Qh5 O-O 21. Nh7 Rfe8 22. Nf6+ Kf8 23. Nxe8 Rxe8 24.
Rae1 Nd4 25. Bg3 Ne6 26. f4 Nd2 27. f5 Nxf1 28. Rxf1 Ng5 29. e6 Qb6+ 30. Bf2 Qc7 31. h4 Nh7 32. Bd4 f6 33. Bc5+ Re7 34. Qf7# 1-0

[Event "*** Titled Tuesday Blitz"]
[Site "Chess.com"]
[Date "2019.10.01"]
[Round "3"]
[White "Quaritch79"]
[Black "grzechu96"]
[Result "0-1"]
[WhiteElo "2298"]
[BlackElo "2588"]
[TimeControl "180+2"]
[EndTime "13:37:04 PDT"]
[Termination "grzechu96 won by checkmate"]

1. e4 c5 2. Nf3 d6 3. d4 cxd4 4. Nxd4 a6 5. Nc3 e6 6. f4 b5 7.
Be3 Bb7 8. a3 Nd7 9. Qf3 Ngf6 10. Bd3 Rc8 11. O-O Be7 12. g4 Rxc3 13. bxc3 Nc5 14. c4 Nfxe4 15. cxb5 Nd2 16. Qe2 Nxf1 17.
Rxf1 O-O 18. bxa6 Ba8 19. Bb5 Qc7 20. c4 Rc8 21. g5 Bf8 22. f5 e5 23. Nf3 Ne4 24. g6 fxg6 25. fxg6 hxg6 26. Ng5 Nxg5 27. Bxg5 Be7 28. Bxe7 Qxe7 29. Qf2 Kh7 30. Qg3 Rc5 31. Qh3+ Kg8 32. Qg3 e4 33. h4 e3 34. Qxg6 e2 35.
Re1 Qe3+ 36. Kh2 Qf2+ 37. Kh3 Re5 38. Qxd6 Qg2# 0-1

[Event "*** Titled Tuesday Blitz"]
[Site "Chess.com"]
[Date "2019.10.01"]
[Round "3"]
[White "imdvb6307"]
[Black "731291"]
[Result "0-1"]
[WhiteElo "2426"]
[BlackElo "2635"]
[TimeControl "180+2"]
[EndTime "13:37:07 PDT"]
[Termination "731291 won by resignation"]

1. c4 e5 2. Nc3 d6 3. Nf3 f5 4.
d4 e4 5. Nd2 g6 6. Nb3 Bg7 7. h4 Nf6 8. h5 Nxh5 9. Rxh5 gxh5 10. Bf4 O-O 11. e3 Nd7 12. Qxh5 Nf6 13. Qh3 Be6 14. d5 Bd7 15. Nd4 Ng4 16. Be2 Qf6 17. Nxe4 fxe4 18. Bxg4 Bxg4 19. Qxg4 Rf7 20. Ke2 c5 21. dxc6 bxc6 22. Qg5 c5 23. Qxf6 Bxf6 24.
Nb5 Bxb2 25. Rb1 Be5 26. Nxd6 Rxf4 27. exf4 Bxd6 28. Ke3 Re8 29. Rb7 Bf8 30. Rxa7 Bg7 31. a4 Bd4+ 32. Ke2 Rb8 33. Re7 Rb2+ 34. Kd1 Rxf2 35.
Rxe4 Rxg2 36. Re2 Rg1+ 37. Kc2 Ra1 38. Kb3 Rb1+ 39. Ka3 Bc3 40. Re3 Bb4+ 41. Ka2 Rf1 42. Re4 Rf3 43. Kb2 Kf7 44. Re5 Rxf4 45. a5 Rf2+ 46. Kc1 Ra2 0-1

[Event "*** Titled Tuesday Blitz"]
[Site "Chess.com"]
[Date "2019.10.01"]
[Round "3"]
[White "SlavenPastar"]
[Black "Roenko_Artur"]
[Result "1-0"]
[WhiteElo "2423"]
[BlackElo "2251"]
[TimeControl "180+2"]
[EndTime "13:37:07 PDT"]
[Termination "SlavenPastar won on time"]

1. d4 d5 2. c4 e6 3. Nc3 c6 4. e4 dxe4 5. Nxe4 Bb4+ 6. Bd2 Qxd4 7. Bxb4 Qxe4+ 8. Be2 Na6 9. Ba5 b6 10. Bc3 Nf6 11.
Qd6 Nc5 12. O-O-O Nb7 13. Qa3 c5 14. Bf3 Qf4+ 15. Kb1 O-O 16. Nh3 Qxc4 17. Rhe1 Nd5 18. Bxg7 Kxg7 19. Re4 Qb5 20. Rg4+ Kh8 21. Ng5 Nd6 22.
Nxh7 Rg8 23. Rxg8+ Kxg8 24. Ng5 Ba6 25. Bxd5 exd5 26.
Qg3 Nf5 27. Qh3 Bc8 28. Qh7+ 1-0

[Event "*** Titled Tuesday Blitz"]
[Site "Chess.com"]
[Date "2019.10.01"]
[Round "3"]
[White "malandragem"]
[Black "XDPS"]
[Result "0-1"]
[WhiteElo "2305"]
[BlackElo "2770"]
[TimeControl "180+2"]
[EndTime "13:37:07 PDT"]
[Termination "XDPS won by resignation"]

1. e4 e5 2. Nf3 Nc6 3. d4 exd4 4. Nxd4 Nxd4 5. Qxd4 Qf6 6. e5 Qb6 7. Be3 Qxd4 8. Bxd4 Ne7 9. Nc3 Nc6 10. O-O-O Be7 11. Nd5 Bd8 12. Bc3 O-O 13. Bd3 Re8 14. f4 Ne7 15. Ne3 Ng6 16. g3 d6 17.
Nc4 dxe5 18. Nxe5 Nxe5 19. Bxe5 Bg4 20. Rde1 c6 21. Bd4 Bb6 22. Bxb6 axb6 23. Rxe8+ Rxe8 24. Kd2 Kf8 25. Re1 Ra8 26. a3 b5 27. h3 Bd7 28.
g4 h6 29. f5 Ra4 30. Re4 Ra8 31. h4 h5 32. Rf4 hxg4 33. Rxg4 Re8 34. Rg3 Re5 35.
Rf3 Ke7 36. f6+ gxf6 37. Rf4 Be6 38. Kc3 f5 39. Kb4 b6 40. Kc3 Kf6 41. b4 Re1 42. Rd4 Ke5 43. Rd8 f4 44. Rd4 f3 45. h5 f2 46. Rh4 Bf5 0-1

[Event "*** Titled Tuesday Blitz"]
[Site "Chess.com"]
[Date "2019.10.01"]
[Round "3"]
[White "FairChess_on_YouTube"]
[Black "Dhaydon19"]
[Result "1-0"]
[WhiteElo "2978"]
[BlackElo "2693"]
[TimeControl "180+2"]
[EndTime "13:37:08 PDT"]
[Termination "FairChess_on_YouTube won by resignation"]

1. d4 e6 2. e4 d5 3. Nc3 dxe4 4. Nxe4 Be7 5. Nf3 Nd7 6. Bd3 Ngf6 7. c3 b6 8. Nxf6+ Bxf6 9. O-O Bb7 10. Re1 O-O 11. Bf4 c5 12. Bd6 Be7 13. Bxe7 Qxe7 14. d5 Bxd5 15. Bxh7+ Kxh7 16. Qxd5 Nf6 17. Qg5 Rad8 18. Ne5 Qd6 19. a4 Qd2 20. Qh4+ Qh6 21. Qxh6+ Kxh6 22. a5 Rd2 23. Nc4 Rc2 24. Reb1 b5 25. Na3 Re2 26.
Nxb5 Ra8 27. Nd6 Kg6 28. Nc4 a6 29. Kf1 Re4 30. Ra4 Kh7 31. g3 Nd5 32. Re1 Rxe1+ 33. Kxe1 Rb8 34. Kd2 f6 35. Kc2 Kg6 36. Nd2 Kf7 37.
Ne4 Rb5 38. Nd6+ 1-0

[Event "*** Titled Tuesday Blitz"]
[Site "Chess.com"]
[Date "2019.10.01"]
[Round "3"]
[White "severomorskij"]
[Black "Misha_Bilous"]
[Result "1-0"]
[WhiteElo "2842"]
[BlackElo "2520"]
[TimeControl "180+2"]
[EndTime "13:37:10 PDT"]
[Termination "severomorskij won on time"]

1. d4 Nf6 2. Bg5 Ne4 3. Bf4 d5 4. f3 Nf6 5. Nc3 c5 6. e4 dxe4 7. dxc5 Qxd1+ 8. Rxd1 exf3 9. Nxf3 a6 10. b4 Nc6 11. a3 g6 12. Na4 Bf5 13. Nb6 Rd8 14. Rxd8+ Nxd8 15. Bd3 Bg7 16. Bxf5 gxf5 17. Be5 O-O 18. Ke2 Ne4 19. Bxg7 Kxg7 20. Ke3 Nc6 21. Rd1 Rd8 22. Rxd8 Nxd8 23. Nd4 e6 24. c4 Kf6 25. a4 Ke7 26. a5 h5 27. g3 Nf6 28. b5 Ne4 29. c6 Kd6 30. cxb7 1-0

[Event "*** Titled Tuesday Blitz"]
[Site "Chess.com"]
[Date "2019.10.01"]
[Round "3"]
[White "Hikaru"]
[Black "kuli4ik"]
[Result "1-0"]
[WhiteElo "3173"]
[BlackElo "2778"]
[TimeControl "180+2"]
[EndTime "13:37:11 PDT"]
[Termination "Hikaru won by resignation"]

1. e4 e6 2. f4 b6 3. Nf3 Bb7 4.
Nc3 Bb4 5. Bd3 Na6 6. Na4 Nf6 7. c3 Be7 8. Qe2 Qc8 9. Bc2 c5 10. b3 Nc7 11. O-O Bc6 12. Nb2 Qa6 13. c4 Qb7 14. d3 d6 15. Nd1 b5 16. Nf2 Nd7 17. Bb2 Bf6 18. Bxf6 gxf6 19. d4 cxd4 20. Nxd4 bxc4 21. Qxc4 Nb8 22. Rac1 d5 23. Qc3 Nb5 24. Nxb5 Bxb5 25. Rfe1 Nd7 26. exd5 Rc8 27. Qd2 Rg8 28. Bxh7 Rg7 29. Rxc8+ Qxc8 30. dxe6 fxe6 31. Bf5 Qc5 32. Bxe6 Kf8 33. Bd5 Nb6 34. Bf3 Rd7 35. Qe3 Qxe3 36. Rxe3 Rd2 37. a4 Bd7 38. a5 Nc8 39. Rd3 Rxd3 40.
Nxd3 Nd6 41. g4 Bb5 42. Nc5 Ke7 43. h4 Be8 44. h5 Nb5 45. h6 Kf7 46. Be4 Nd4 47.
Kf2 Kg8 48. g5 fxg5 49. fxg5 Bc6 50. g6 Bxe4 51. Nxe4 1-0

[Event "*** Titled Tuesday Blitz"]
[Site "Chess.com"]
[Date "2019.10.01"]
[Round "3"]
[White "Taron_Shagbazyan"]
[Black "csati17"]
[Result "1-0"]
[WhiteElo "2773"]
[BlackElo "2479"]
[TimeControl "180+2"]
[EndTime "13:37:11 PDT"]
[Termination "Taron_Shagbazyan won by resignation"]

1. d4 Nf6 2. c4 e6 3. Nc3 Bb4 4. e3 O-O 5. Bd3 c5 6. Nf3 d5 7. O-O cxd4 8. exd4 Nc6 9. c5 Ba5 10. a3 Bc7 11. b4 a6 12. Rb1 e5 13. dxe5 Nxe5 14.
Be2 Bf5 15. Rb3 Nfg4 16. h3 Nxf3+ 17. Bxf3 Nh2 18. Nxd5 Nxf1 19. Qxf1 Be5 20. Re3 Re8 21. Qe2 Qg5 22. Bd2 Bd7 23. Re4 Bb5 24. Bxg5 Bxe2 25.
Rxe2 f6 26. Be3 Rad8 27. g4 Kf7 28. Kg2 h5 29. gxh5 f5 30. Bg5 Rd7 31. Nb6 Rd3 32.
Bxb7 g6 33. Bd5+ Kg7 34. h6+ Kh7 35. f4 Bxf4 36. Rxe8 Bxg5 37. c6 Rd2+ 38. Kf3 Rc2 39. Nc4 Bh4 40. c7 1-0

[Event "*** Titled Tuesday Blitz"]
[Site "Chess.com"]
[Date "2019.10.01"]
[Round "3"]
[White "vlad10898"]
[Black "Hrant_ChessMood"]
[Result "0-1"]
[WhiteElo "2638"]
[BlackElo "2872"]
[TimeControl "180+2"]
[EndTime "13:37:14 PDT"]
[Termination "Hrant_ChessMood won by resignation"]

1. e4 c6 2. d4 d5 3. e5 c5 4.
dxc5 e6 5. Nf3 Bxc5 6. a3 Nc6 7. b4 Bb6 8. Bb2 f6 9. Bd3 fxe5 10. Nxe5 Nxe5 11. Bxe5 Nf6 12. O-O O-O 13. Nd2 Bd7 14.
c4 a5 15. c5 Bc7 16. Qe2 h6 17. h3 Bxe5 18. Qxe5 Qb8 19. Nf3 Qxe5 20. Nxe5 Rfc8 21. Rfe1 Be8 22. f3 Kf8 23. Kf2 Ke7 24.
Ke3 g5 25. g4 d4+ 26. Kxd4 Nd5 27. Nc4 Rd8 28. Nd6 b6 29. Bf5 Nf4 30. Re5 Kf6 31.
Be4 Ra7 32. Re1 axb4 33. Bf5 bxc5+ 0-1

[Event "*** Titled Tuesday Blitz"]
[Site "Chess.com"]
[Date "2019.10.01"]
[Round "3"]
[White "harvsp123"]
[Black "Orange_Ghost"]
[Result "0-1"]
[WhiteElo "2477"]
[BlackElo "2766"]
[TimeControl "180+2"]
[EndTime "13:37:15 PDT"]
[Termination "Orange_Ghost won by resignation"]

1. Nf3 Nf6 2. c4 c5 3. Nc3 d5 4.
cxd5 Nxd5 5. e3 Nc6 6. Bb5 Nxc3 7. dxc3 Qc7 8. e4 e6 9. Be3 Bd6 10. Nd2 O-O 11. Qg4 f5 12. exf5 Ne5 13. Qd1 exf5 14. Nc4 Nxc4 15. Bxc4+ Kh8 16. Qd5 f4 17. O-O-O Be7 18.
Bd2 Bf5 19. Qf3 Bg5 20. h4 Bh6 21. Rhe1 Rad8 22. Bd5 Qa5 23. Re5 Qa4 24. Bb3 Qa6 25. g4 fxg3 26. Bxh6 Qxh6+ 27. Qe3 Rxd1+ 28. Kxd1 Bg4+ 29.
Kc2 gxf2 30. Re8 Qg6+ 31. Kd2 Qxe8 32. Qxf2 Rxf2+ 0-1

[Event "*** Titled Tuesday Blitz"]
[Site "Chess.com"]
[Date "2019.10.01"]
[Round "3"]
[White "babero_gordo"]
[Black "Me_ch_an"]
[Result "1-0"]
[WhiteElo "2113"]
[BlackElo "2353"]
[TimeControl "180+2"]
[EndTime "13:37:15 PDT"]
[Termination "babero_gordo won on time"]

1. e4 c5 2. Nf3 Nc6 3. Bb5 Qc7 4. O-O e6 5. c3 a6 6. Bxc6 Qxc6 7. d4 cxd4 8. cxd4 d6 9. Nc3 Nf6 10. Re1 Be7 11.
d5 Qc7 12. Be3 e5 13. Rc1 O-O 14. Nb5 Qd8 15. Nc7 Bg4 16. Nxa8 Qxa8 17. Bb6 Nd7 18. Ba5 f5 19. h3 Bxf3 20. Qxf3 fxe4 21. Qg4 Nc5 22. Rxc5 dxc5 23. Qe6+ Rf7 24. Rxe4 Bf6 25. d6 Kf8 26. d7 b5 27. Bc7 c4 28. Bd6+ Be7 29.
Rxe5 Qd8 30. Bxe7+ Rxe7 31. Rf5+ 1-0

[Event "*** Titled Tuesday Blitz"]
[Site "Chess.com"]
[Date "2019.10.01"]
[Round "3"]
[White "Alliswell998"]
[Black "I-Mesquita"]
[Result "0-1"]
[WhiteElo "2443"]
[BlackElo "2643"]
[TimeControl "180+2"]
[EndTime "13:37:21 PDT"]
[Termination "I-Mesquita won by checkmate"]

1. e4 e5 2. Nf3 Nc6 3. Bc4 Bc5 4. c3 Nf6 5. d3 d6 6. Bb3 a5 7. h3 O-O 8. Nbd2 Kh8 9. Nf1 Nh5 10. Be3 f5 11. Ng5 Qe8 12. Bxc5 dxc5 13. Nf7+ Rxf7 14. Qxh5 Rf8 15. Qxe8 Rxe8 16. Ne3 a4 17. Bc2 a3 18. b3 f4 19. Nd5 Rd8 20. Nxc7 Ra7 21. O-O b6 22.
Nd5 b5 23. Rad1 b4 24. Rd2 bxc3 25. Nxc3 f3 26. Bd1 fxg2 27. Kxg2 Nb4 28. Be2 Ba6 29.
Rfd1 Rad7 30. Nb1 Bxd3 31. Bxd3 Nxd3 32. Kg3 Rd4 33. Nxa3 R8d6 34. Nc4 Rg6+ 35. Kh2 Nf4 36. f3 Rh6 37. Rxd4 exd4 38. Kg3 g5 39. Kg4 Ne6 40. Kf5 Kg7 41. a4 Rf6+ 42. Ke5 Nf4 43. a5 Kg6 44. h4 Re6# 0-1

[Event "*** Titled Tuesday Blitz"]
[Site "Chess.com"]
[Date "2019.10.01"]
[Round "3"]
[White "kingofthenil"]
[Black "hansen"]
[Result "1-0"]
[WhiteElo "2555"]
[BlackElo "2776"]
[TimeControl "180+2"]
[EndTime "13:37:23 PDT"]
[Termination "kingofthenil won by resignation"]

1. d4 Nf6 2. c4 e6 3. Nc3 Bb4 4. a3 O-O 5. axb4 d6 6. e4 Nbd7 7. Nf3 e5 8. Be2 Re8 9. dxe5 dxe5 10. O-O h6 11. c5 c6 12. Bc4 Nh7 13. Qd6 a6 14.
Qg6 Qf6 15. Qxf6 Ndxf6 16. h3 Nf8 17. Rd1 g5 18. Be3 Kg7 19. Nd2 Ng6 20. Nb3 Rb8 21. Rd6 Nf4 22. Na5 h5 23. Rad1 h4 24. Rd8 Be6 25. Bxe6 Nxe6 26. Rxe8 Nxe8 27. Rd7 N8c7 28.
Nd5 Nb5 29. Ne7 Kf8 30. Nf5 Nbc7 31. Nd6 f6 32. Naxb7 Ne8 33. Nxe8 Kxe8 34. Rh7 Nf8 35. Nd6+ Kd8 36. Rb7 Rxb7 37. Nxb7+ Kd7 38. Nd6 Ne6 39. Kf1 Nc7 40. Ke2 Ke6 41. Kf3 Na8 42. Ke2 Nc7 43. Kd3 Kd7 44. Kc4 Ne6 45. f3 Ng7 46. Kb3 Kc7 47.
Ka4 Kb8 48. Ka5 Ka7 49. Bd2 Ne6 50. Be3 Ng7 51. b3 Ne6 52. Ne8 Nd4 53. Bxd4 exd4 54. Nd6 d3 55. Nc4 Kb7 56. Ka4 Kc7 57. Ka3 Kd7 58. Kb2 Ke6 59. Kc3 f5 60. Kxd3 1-0

[Event "*** Titled Tuesday Blitz"]
[Site "Chess.com"]
[Date "2019.10.01"]
[Round "3"]
[White "djano"]
[Black "GianmarcoVaR"]
[Result "1-0"]
[WhiteElo "2395"]
[BlackElo "2593"]
[TimeControl "180+2"]
[EndTime "13:37:25 PDT"]
[Termination "djano won on time"]

1. c4 Nf6 2. g3 e6 3. Bg2 d5 4. d4 dxc4 5. Nf3 a6 6. a4 Bb4+ 7. Bd2 Bd6 8. Qc2 Nbd7 9. Qxc4 b5 10. Qc2 Bb7 11. O-O Be4 12. Qb3 b4 13. Ne5 Bxg2 14.
Kxg2 Nxe5 15. dxe5 Bxe5 16. Bxb4 Rb8 17. a5 Qd7 18.
Qa3 Nd5 19. Bc3 Nxc3 20. Nxc3 Bd6 21. Qa2 O-O 22. Rab1 Rb4 23. Rfd1 Rfb8 24. f3 h5 25. Ne4 h4 26. b3 hxg3 27. hxg3 Qe7 28. Qc2 Be5 29. Qc6 Rd8 30. Rxd8+ Qxd8 31. Qxa6 Rxe4 32. fxe4 Qd2 33. Qd3 Qxa5 34. b4 Qb6 35. b5 g6 36.
Rh1 Kg7 37. Qd8 g5 38. Qh8+ Kg6 39. Qxe5 1-0

[Event "*** Titled Tuesday Blitz"]
[Site "Chess.com"]
[Date "2019.10.01"]
[Round "3"]
[White "GMKrikor"]
[Black "Bad4life"]
[Result "1-0"]
[WhiteElo "2798"]
[BlackElo "2359"]
[TimeControl "180+2"]
[EndTime "13:37:30 PDT"]
[Termination "GMKrikor won by resignation"]

1. Nf3 g6 2. e4 d6 3. d4 Nf6 4. e5 dxe5 5. Nxe5 Bg7 6. Bc4 O-O 7. O-O Nbd7 8. Nf3 Nb6 9. Bb3 a5 10. c3 Bf5 11. a4 Qc8 12. Na3 Ne4 13. Qe2 Re8 14. Bc2 Nd6 15. Bf4 Nd5 16. Be5 Bh6 17. Rfe1 Bxc2 18. Nxc2 Qg4 19. h3 Qh5 20. Bh2 Bf4 21.
g3 e5 22. dxe5 Bh6 23. Kg2 Nf5 24. g4 Nh4+ 25. Kh1 Nxf3 26. gxh5 Nxe1 27. Rxe1 Rad8 28. hxg6 hxg6 29. Qg4 Ne7 30. e6 f5 31. Qh4 Kg7 32. Be5+ Kh7 33. Bf4 Ng8 34. Bxh6 Nxh6 35. Nd4 c5 36. Nf3 Kg7 37. Qg3 Re7 38. Qe5+ Kg8 39.
Qf6 Rdd7 40. exd7 1-0

[Event "*** Titled Tuesday Blitz"]
[Site "Chess.com"]
[Date "2019.10.01"]
[Round "3"]
[White "ahkashefi2800"]
[Black "SanchezKelvin"]
[Result "0-1"]
[WhiteElo "2171"]
[BlackElo "2522"]
[TimeControl "180+2"]
[EndTime "13:37:30 PDT"]
[Termination "SanchezKelvin won on time"]

1. d4 d5 2. c4 c6 3. Nc3 Nf6 4.
Nf3 e6 5. Bf4 dxc4 6. e4 b5 7.
a3 Bb7 8. g3 Nbd7 9. Bg2 a6 10.
O-O Be7 11. Re1 O-O 12. Qd2 Re8 13. Rad1 Qa5 14. h4 Bf8 15. Bg5 h6 16. Be3 c5 17.
d5 exd5 18. exd5 Ng4 19. Bf4 b4 20. Ne4 Ndf6 21. Ne5 Nxe5 22. Nxf6+ gxf6 23. Qe2 Ng6 24. Qxc4 Nxf4 25. Qxf4 bxa3 26. Rxe8 Rxe8 27. bxa3 Re1+ 28. Rxe1 Qxe1+ 29. Kh2 Qe7 30. d6 Qd7 31. Bh3 Qxd6 32. Qg4+ Kh8 33. Qf5 Qd5 0-1

[Event "*** Titled Tuesday Blitz"]
[Site "Chess.com"]
[Date "2019.10.01"]
[Round "3"]
[White "r31415"]
[Black "WorldChampionBulletChess"]
[Result "1-0"]
[WhiteElo "2400"]
[BlackElo "2102"]
[TimeControl "180+2"]
[EndTime "13:37:30 PDT"]
[Termination "r31415 won by resignation"]

1. e4 c5 2. Nf3 e6 3. d4 cxd4 4. Nxd4 Nc6 5. Nb5 d6 6. c4 a6 7. N5c3 Nf6 8. Be2 Be7 9. O-O O-O 10. Bf4 Qc7 11. Nd2 Rd8 12. Rc1 Nd4 13. Re1 b6 14.
Bd3 Bb7 15. b4 Rac8 16. Ne2 Nxe2+ 17. Qxe2 Qc6 18. Nb3 e5 19. Be3 Ne8 20. b5 axb5 21.
cxb5 Qd7 22. Bxb6 Rxc1 23. Rxc1 Ra8 24. Na5 Bc8 25. Nc6 Bf8 26. Bc4 Qb7 27. Be3 Be6 28.
Bxe6 fxe6 29. Qc4 Nc7 30. a4 d5 31. Qb3 d4 32. Bd2 Qb6 33. h3 h6 34. Rb1 Bc5 35. a5 Qb7 36. a6 Nxa6 37. Qxe6+ Kh8 38. Nxe5 Nc7 39. Nf7+ Kh7 40. Qf5+ Kg8 41. Qg6 Ne8 42. Nxh6+ Kf8 43. Qf5+ Nf6 44. Qxc5+ Ke8 45. Nf5 Qxe4 46. Nd6+ 1-0